[Event "Bundesturnier Hauptturnier 1 2024"]
[Site "Olten"]
[Date "2024.05.09"]
[Round "1.1"]
[White "Riedener, Toni"]
[Black "Bauer, Christian"]
[Result "0-1"]
[ECO "A41"]
[WhiteElo "1969"]
[BlackElo "2576"]
[Annotator "TA"]
[PlyCount "60"]
[EventDate "2024.05.09"]
[EventType "tourn"]
[EventCountry "SUI"]
[SourceTitle "playchess.com"]
[Source "ChessBase"]
[SourceQuality "1"]
[TimeControl "5400+30"]

1. d4 d6 2. c4 e5 3. Nf3 e4 4. Ng1 h6 5. g3 c6 6. Bg2 Nf6 7. Nh3 d5 8. O-O {[%emt 0:03:35] The position is equal.} dxc4 9. Qc2 (9. Nd2 $1 $11) 9... Qxd4 10. Be3 {[%emt 0:04:56] [#]} Qe5 11. Nd2 Be7 (11... b5 $17 12. a4 Bf5) 12. Nxc4 $11 Qf5 13. Nf4 $36 {[%emt 0:06:27][%mdl 2048] Threatening Bh3. Black is under pressure.} O-O 14. Bh3 Qb5 {[%emt 0:04:05] White should prevent ...g5.} 15. a4 Qa6 {[%emt 0:00:29] With the idea ...g5.} 16. Bxc8 Rxc8 17. Nd2 Nbd7 18. Nxe4 Re8 19. Nxf6+ Nxf6 20. Rfe1 (20. Bd4 {with more complications.} Ng4 21. h3 Bf6 22. Bc5) 20... Bb4 21. Red1 Qa5 22. Bd2 Re4 23. Bxb4 Qxb4 24. b3 Rae8 25. Rd2 Rxf4 26. gxf4 Qxf4 {[%emt 0:00:09] [#] Strongly threatening ...Ng4.} 27. e3 $2 (27. f3 $1 $11) 27... Qg4+ $19 28. Kf1 Ne4 {[%emt 0:00:55] Threatens to win with ...Qh3+.} 29. Rd4 c5 (29... Qh3+ $19 30. Ke1 Qxh2) 30. Qxc5 $2 (30. Rxe4 $17 Rxe4 31. Rd1) 30... Qh3+ {[%emt 0:00:10] Weighted Error Value: White=0.41/Black=0.19 (very precise) .  Loses game:     	White=2     	---        Mistake:       	White=1     	Black=2      Inaccurate:     	White=4     	Black=2      OK:         	White=8     	Black=9      Best:        	White=1     	Black=2} 0-1

[Event "Bundesturnier Hauptturnier 1 2024"]
[Site "Olten"]
[Date "2024.05.09"]
[Round "1.2"]
[White "Baenziger, Fabian"]
[Black "Delmonico, Nils"]
[Result "1-0"]
[ECO "E08"]
[WhiteElo "2415"]
[BlackElo "1913"]
[Annotator "TA"]
[PlyCount "65"]
[EventDate "2024.05.09"]
[EventType "tourn"]
[EventCountry "SUI"]
[SourceTitle "playchess.com"]
[Source "ChessBase"]
[SourceQuality "1"]
[TimeControl "5400+30"]

1. d4 d5 2. c4 e6 3. Nf3 Nf6 4. g3 Be7 5. Bg2 O-O 6. O-O c6 7. Qc2 b6 8. Rd1 Bb7 9. b3 Nbd7 10. Nc3 Rc8 11. e4 c5 12. exd5 exd5 13. Bf4 (13. Bb2 $16) 13... dxc4 (13... Re8 $11) 14. d5 $16 {[%emt 0:00:16] d6 is the strong threat.} Re8 ({Better is} 14... Nh5) 15. bxc4 {[%emt 0:07:15] White is much more active. White is clearly better.} Bf8 16. Nb5 a6 17. Na7 Ra8 (17... Rc7 $16 18. Bxc7 Qxc7) 18. Nc6 $18 Qc8 19. a4 Ne4 (19... Bxc6 $2 20. dxc6 Qxc6 21. Ng5 $18) (19... Nh5 {might work better.}) 20. Bh3 {[%emt 0:18:12] Black must now prevent Nfe5.} g6 21. Nh4 (21. Bxd7 $18 Qxd7 22. Nce5) 21... Bg7 (21... Nd6 $16 22. Rab1 (22. Ne5 f5 $18) 22... Qc7 (22... Bxc6 $2 23. dxc6 Qxc6 24. Bg2 $18)) 22. Ra3 f5 {[%emt 0:03:22] [#]} 23. Nxf5 $1 gxf5 24. Bxf5 Nef6 25. g4 Bxc6 {[%emt 0:21:06] [#]} 26. g5 $36 {[%emt 0:08:54][%mdl 2048] Black is under strong pressure.} ({Don't do} 26. dxc6 Qxc6 27. g5 Nf8) 26... Bxa4 (26... Nh5 $16 {was worth a try.} 27. Bc1 Bb7) 27. Qxa4 b5 $2 (27... Nh5 $16) 28. Qc2 ({But not} 28. cxb5 axb5 29. Qxa8 Qxa8 $18) 28... Ne4 (28... Nh5 $142) 29. Rh3 Ra7 30. Bxh7+ {[%emt 0:00:10] A strong pair of Bishops.} Kf8 31. Bxe4 Kg8 32. Bh7+ Kf8 33. Bd6+ {[%emt 0:00:18] Black got outplayed after the opening.   Weighted Error Value: White=0.20 (precise) /Black=0.91.  Loses game:     	---       	Black=1      Mistake:       	White=1     	Black=7      Inaccurate:     	---       	Black=1      OK:         	White=5     	Black=2      Best:        	White=4     	Black=3      Brilliant:      	White=1     	---} (33. Qf5+ $142 Ke7 34. Re3+ Ne5 35. Rxe5+ (35. Bxe5 Qxf5 36. Bxf5 Bxe5 $18) 35... Bxe5 36. Qxe5+ Kd8 37. Qf6+ Ree7 38. Re1) 1-0

[Event "Bundesturnier Hauptturnier 1 2024"]
[Site "Olten"]
[Date "2024.05.09"]
[Round "1.3"]
[White "Wilhelm, Serge"]
[Black "Joie, Sebastien"]
[Result "0-1"]
[ECO "A80"]
[WhiteElo "1928"]
[BlackElo "2382"]
[Annotator "TA"]
[PlyCount "62"]
[EventDate "2024.05.09"]
[EventType "tourn"]
[EventCountry "SUI"]
[SourceTitle "playchess.com"]
[Source "ChessBase"]
[SourceQuality "1"]
[TimeControl "5400+30"]

1. d4 e6 2. Nf3 f5 3. Bg5 Be7 4. Bxe7 Qxe7 5. c3 Nf6 6. Nbd2 O-O 7. e3 d6 8. Qb3 {[%emt 0:07:52] The position is equal.} Kh8 9. Be2 a5 10. a3 Nc6 11. Rc1 e5 12. dxe5 dxe5 13. O-O a4 14. Qc2 Qc5 15. Bc4 b5 16. Ba2 Ra6 (16... e4 $15 17. Nd4 Bd7) 17. Rfd1 ({White should play} 17. e4 $1 $11) 17... Qe7 18. Nf1 g6 19. Qe2 Rb6 20. Ng3 (20. c4 $15 e4 21. Nd4 Nxd4 22. exd4) 20... Ba6 (20... e4 $17 21. Ng5 Rb8) 21. Qe1 (21. e4 $1 $15 b4 22. Bc4 Bxc4 (22... bxa3 23. Bxa6 axb2 24. Rb1 $11) 23. Qxc4) 21... e4 $19 22. Nd4 (22. Ng5 $142) 22... Ne5 23. Rb1 c5 24. Nc2 Nd3 25. Qd2 c4 26. Nd4 Ng4 27. Nh1 (27. Rf1 {was necessary.}) 27... Qe5 28. g3 $2 (28. f4 exf3 29. Nxf3) 28... Bb7 29. h3 {[%emt 0:04:04] [#]} (29. Rf1 $142) 29... Ngxf2 $1 30. Nxf2 (30. Rf1 Nxh1) 30... Qxg3+ 31. Kf1 f4 {[%emt 0:00:03] Weighted Error Value: White=1.15/Black=0.40.  Mistake:       	White=7     	Black=2      Inaccurate:     	White=6     	Black=5      OK:         	White=3     	Black=5      Best:        	---       	Black=2} 0-1

[Event "Bundesturnier Hauptturnier 1 2024"]
[Site "Olten"]
[Date "2024.05.09"]
[Round "1.4"]
[White "Loetscher, Roland"]
[Black "Manukonda Arun"]
[Result "1-0"]
[ECO "A21"]
[WhiteElo "2384"]
[BlackElo "1970"]
[Annotator "TA"]
[PlyCount "77"]
[EventDate "2024.05.09"]
[EventType "tourn"]
[EventCountry "SUI"]
[SourceTitle "playchess.com"]
[Source "ChessBase"]
[SourceQuality "1"]
[TimeControl "5400+30"]

1. c4 e5 2. g3 d6 3. Nc3 f5 4. d4 e4 5. h4 Nf6 6. Nh3 Be7 7. Bg5 O-O 8. Nf4 {[%emt 0:04:27] White is slightly better.} c6 9. e3 Na6 10. Be2 Nc7 11. Qb3 Rb8 12. Rc1 Ne6 {[%emt 0:09:37] [#]} (12... Be6 $11 {remains equal.}) 13. c5 $1 $16 {[%emt 0:00:46] White has more active pieces. Black is now going downhill.} d5 14. Nxe6 Bxe6 15. Bf4 Qd7 16. Bxb8 $18 Rxb8 17. Qc2 Bd8 18. b4 Bc7 19. b5 Qf7 (19... cxb5 $142 20. Nxb5 (20. Bxb5 Qc8 $18) 20... Ba5+ 21. Kf1 a6) 20. bxc6 bxc6 21. Rb1 Rxb1+ 22. Qxb1 (22. Nxb1 $6 a5 23. Nc3 h6 $18) 22... Bc8 23. Qb4 {[%emt 0:03:16] Prevents Ba5.} Qd7 24. Qa4 a5 25. Kd2 h6 26. h5 Ng4 (26... Kh7 $142 27. Rb1 g6) 27. Rb1 {[%emt 0:08:17][%cal Oc3d5] And now Nxd5! would win.} Kh7 28. Nd1 Qe8 29. Kc1 Nh2 30. Nc3 Qe6 31. Rb6 Bd7 (31... Bxb6 $142 32. cxb6 Ng4 33. Bxg4 (33. Qxa5 Nxf2 34. Qa7 Qd6 $18) 33... fxg4 34. Qxa5 Qf7) 32. Qxa5 Nf3 {[%emt 0:00:59] [#]} 33. Qa7 $1 Bxb6 34. cxb6 {[%emt 0:00:07] b7 is the strong threat.} (34. Qxb6 f4 $16) 34... Qd6 35. Bxf3 exf3 36. b7 Qb4 37. Kc2 (37. b8=R $2 {loses.} Qxc3+ 38. Kd1 Qd3+ 39. Kc1 Qf1+ 40. Kc2 Qxf2+ 41. Kb3 Qxe3+ (41... Qxg3 $2 {is the wrong capture.} 42. Qa8 $18) 42. Ka4 f2 $19) 37... f4 38. b8=Q ({Not} 38. b8=B Bf5+ 39. e4 Bxe4+ 40. Nxe4 dxe4 $11) 38... Bf5+ {[%emt 0:00:15] [#]} 39. e4 $1 {[%emt 0:00:08] Weighted Error Value: White=0.11 (very precise) /Black=0.57.  Mistake:       	---       	Black=5      Inaccurate:     	White=1     	---        OK:         	White=13    	Black=3      Best:        	White=3     	---        Brilliant:      	White=1     	---} 1-0

[Event "Bundesturnier Hauptturnier 1 2024"]
[Site "Olten"]
[Date "2024.05.09"]
[Round "1.5"]
[White "Cervelli, Eduard"]
[Black "Willems, Niels"]
[Result "0-1"]
[ECO "B10"]
[WhiteElo "2015"]
[BlackElo "2329"]
[Annotator "TA"]
[PlyCount "44"]
[EventDate "2024.05.09"]
[EventType "tourn"]
[EventCountry "SUI"]
[SourceTitle "playchess.com"]
[Source "ChessBase"]
[SourceQuality "1"]
[TimeControl "5400+30"]

1. e4 c6 2. d3 d5 3. Nd2 e5 4. Ngf3 Bd6 5. d4 exd4 $1 6. Bd3 Ne7 7. O-O O-O 8. Nxd4 {[%emt 0:00:27] The position is equal.} Ng6 9. N2f3 Bc7 10. exd5 Qxd5 11. Re1 Nd7 12. Be3 Nf6 13. Qe2 Ng4 14. Bd2 {[%emt 0:01:59] [#]} (14. Bxg6 $11 {keeps the balance.} hxg6 15. h3 Nxe3 16. Qxe3) 14... Nxh2 $1 $17 {[%emt 0:01:19] Black is more active.} 15. Nxh2 {[%emt 0:02:54] Qe4 would now be deadly.} Qxd4 16. Qh5 (16. Rad1 $142) 16... Bb6 17. Bc3 $2 {[%emt 0:03:49] Now White is beyond hope.} (17. Nf3 $17 Qxf2+ (17... Qxb2 $2 {perishes.} 18. Ng5 $18) 18. Kh1) 17... Qxf2+ $40 {[%emt 0:00:32][%mdl 128] Black attacks with force.} 18. Kh1 {[%emt 0:00:01] [#]} Qxg2+ $3 19. Kxg2 Nf4+ 20. Kh1 Nxh5 21. Nf3 {[%emt 0:02:04] [#]} Bf5 $1 22. Bc4 {[%emt 0:01:47] [#]} (22. Rad1 Bg4) 22... Be4 $1 {[%emt 0:02:57][%mdl 512] Weighted Error Value: White=0.50/Black=0.07 (flawless) .  Loses game:     	White=1     	---        Mistake:       	White=2     	---        Inaccurate:     	White=1     	Black=1      OK:         	White=3     	Black=8      Best:        	---       	Black=1      Brilliant:      	---       	Black=1} 0-1

[Event "Bundesturnier Hauptturnier 1 2024"]
[Site "Olten"]
[Date "2024.05.09"]
[Round "1.6"]
[White "Rohrer, Christophe"]
[Black "Lips, Adrian"]
[Result "1-0"]
[ECO "B50"]
[WhiteElo "2240"]
[BlackElo "1941"]
[Annotator "RC"]
[PlyCount "51"]
[EventDate "2024.05.09"]
[EventType "tourn"]
[EventCountry "SUI"]
[SourceTitle "playchess.com"]
[Source "ChessBase"]
[SourceQuality "1"]
[TimeControl "5400+30"]

1. e4 c5 2. Nf3 d6 3. Bc4 Nf6 4. d3 g6 5. e5 dxe5 6. Nxe5 e6 7. Qf3 a6 8. Bg5 Bg7 9. Nc3 h6 10. Bh4 Ra7 11. a4 Nbd7 12. Nxd7 Bxd7 13. Ne4 g5 14. Nd6+ Ke7 15. Bg3 Bc6 16. Qe3 b6 17. Nxf7 Kxf7 18. Qxe6+ Kg6 19. Qxc6 Re8+ 20. Kd2 Kh7 21. Rhe1 Rae7 22. f3 Nh5 23. Bf7 Nxg3 24. Bg6+ Kh8 25. Qxe8+ Qxe8 26. Bxe8 1-0

[Event "Bundesturnier Hauptturnier 1 2024"]
[Site "Olten"]
[Date "2024.05.09"]
[Round "1.7"]
[White "Malli, Shiivesh Sunil"]
[Black "Gryshko, Vitalii"]
[Result "0-1"]
[ECO "A17"]
[WhiteElo "1948"]
[BlackElo "2316"]
[Annotator "RC"]
[PlyCount "158"]
[EventDate "2024.05.09"]
[EventType "tourn"]
[EventCountry "SUI"]
[SourceTitle "playchess.com"]
[Source "ChessBase"]
[SourceQuality "1"]
[TimeControl "5400+30"]

1. c4 Nf6 2. Nc3 e6 3. d3 d5 4. Bg5 d4 5. Nb1 Be7 6. Nf3 c5 7. g3 O-O 8. Bg2 Nc6 9. O-O e5 10. Nbd2 Rb8 11. Nb3 Bd6 12. Nfd2 h6 13. Bxf6 Qxf6 14. Ne4 Qe7 15. e3 dxe3 16. fxe3 Be6 17. Nc3 f5 18. Nd5 Qg5 19. Qe2 Rbe8 20. Nd2 Qg6 21. Bf3 Rd8 22. Bh5 Qg5 23. Bf3 Rd7 24. Rf2 Ne7 25. Raf1 Ng6 26. Bg2 h5 27. Bh3 Rdf7 28. e4 Bxd5 29. Nf3 Qh6 30. cxd5 Ne7 31. Nh4 g6 32. exf5 c4 33. f6 Nxd5 34. Be6 Ne3 35. dxc4 Nxf1 36. Rxf1 Kh7 37. Bxf7 Rxf7 38. Qd3 Bc5+ 39. Kh1 Bd4 40. b3 Qg5 41. Qf3 Qe3 42. Qxe3 Bxe3 43. Kg2 e4 44. Re1 Bc5 45. Rxe4 Rxf6 46. Nf3 Ra6 47. Re2 Kh6 48. h4 Kg7 49. Ng5 Bb4 50. a4 Rb6 51. Re6 Bc5 52. Rxb6 Bxb6 53. b4 Kf6 54. Kf3 Ke5 55. c5 Bc7 56. Ke3 Kd5 57. Ne4 Kc4 58. b5 Kb4 59. Kd4 Kxa4 60. Kc4 Ka5 61. Nd6 b6 62. Ne4 a6 63. bxa6 b5+ 64. Kd5 Kxa6 65. Kc6 Bb8 66. Kd7 b4 67. c6 Kb6 68. Nd2 Bxg3 69. Nc4+ Kc5 70. Nb2 Kd5 71. Nd3 b3 72. Nb2 Ke4 73. Ke6 Kf3 74. Kf6 Kg4 75. Kxg6 Kxh4 76. Kf5 Bc7 77. Ke4 Kg3 78. Kd3 h4 79. Nd1 Kf3 0-1

[Event "Bundesturnier Hauptturnier 1 2024"]
[Site "Olten"]
[Date "2024.05.09"]
[Round "1.8"]
[White "Sutter, Oliver"]
[Black "Senn, Roland"]
[Result "1-0"]
[ECO "E00"]
[WhiteElo "2304"]
[BlackElo "1963"]
[Annotator "RC"]
[PlyCount "111"]
[EventDate "2024.05.09"]
[EventType "tourn"]
[EventCountry "SUI"]
[SourceTitle "playchess.com"]
[Source "ChessBase"]
[SourceQuality "1"]
[TimeControl "5400+30"]

1. d4 Nf6 2. c4 e6 3. g3 Bb4+ 4. Bd2 Qe7 5. Bg2 Nc6 6. e3 Bxd2+ 7. Qxd2 O-O 8. Nc3 e5 9. d5 Na5 10. b3 d6 11. Nge2 b6 12. O-O Nh5 13. Rae1 f5 14. f4 Nf6 15. h3 Bd7 16. Kh2 e4 17. Nd4 Nb7 18. b4 Qf7 19. a3 a6 20. Rc1 Kh8 21. Qe2 Qh5 22. Qxh5 Nxh5 23. Nxf5 Bxf5 24. g4 g6 25. gxh5 Rae8 26. hxg6 hxg6 27. Kg3 Re7 28. Rh1 Kg7 29. h4 Rh8 30. Ne2 Kf6 31. Nd4 Rd7 32. Bf1 a5 33. Be2 Rdd8 34. Nb5 Rd7 35. Bd1 Re7 36. Nd4 Bd7 37. Bb3 Reh7 38. Bc2 Re7 39. Ne2 Bf5 40. Ba4 Bd7 41. Bxd7 Rxd7 42. Nc3 Kf5 43. Rcg1 Rdh7 44. Kf2 Rxh4 45. Rg5+ Kf6 46. Nxe4+ Kf7 47. Rxh4 Rxh4 48. Rg2 Rh1 49. Ng5+ Kf6 50. e4 Ra1 51. Rh2 Ra2+ 52. Kg3 Rxa3+ 53. Kg4 axb4 54. Rh7 Nd8 55. e5+ dxe5 56. Ne4# 1-0

[Event "Bundesturnier Hauptturnier 1 2024"]
[Site "Olten"]
[Date "2024.05.09"]
[Round "1.9"]
[White "Thorsteinsdottir, Hallgerdur"]
[Black "Toktomushev, Teimur"]
[Result "0-1"]
[ECO "B40"]
[WhiteElo "1947"]
[BlackElo "2295"]
[Annotator "RC"]
[PlyCount "122"]
[EventDate "2024.05.09"]
[EventType "tourn"]
[EventCountry "SUI"]
[SourceTitle "playchess.com"]
[Source "ChessBase"]
[SourceQuality "1"]
[TimeControl "5400+30"]

1. e4 c5 2. Nf3 e6 3. g3 d5 4. exd5 exd5 5. d4 cxd4 6. Nxd4 Nc6 7. Bg2 Bc5 8. Nb3 Qe7+ 9. Qe2 Qxe2+ 10. Kxe2 Bb6 11. Be3 Bxe3 12. Kxe3 Nf6 13. Nc3 d4+ 14. Nxd4 Ng4+ 15. Kd3 Nxf2+ 16. Ke3 Ng4+ 17. Kd3 Nge5+ 18. Ke4 O-O 19. Nxc6 Nxc6 20. Nd5 Bd7 21. Rhe1 f6 22. Rad1 Bg4 23. Rc1 Rfe8+ 24. Kf4 h5 25. h4 Nd4 26. Nc7 Ne2+ 27. Rxe2 Rxe2 28. Bd5+ Kh7 29. Nxa8 Kh6 30. Be4 g5+ 31. hxg5+ fxg5+ 32. Ke5 Bf3 33. Nc7 Bxe4 34. Ne6 Bc6+ 35. Kf6 Rf2+ 36. Ke5 Re2+ 37. Kf6 Rf2+ 38. Ke5 h4 39. gxh4 gxh4 40. Nf4 Rf3 41. Rg1 Re3+ 42. Kf6 Rg3 43. Rd1 Rf3 44. Ke5 Kg5 45. Ne6+ Kg4 46. Rd4+ Kg3 47. Ng5 h3 48. Nxf3 Bxf3 49. Rd8 h2 50. Rh8 h1=Q 51. Rxh1 Bxh1 52. c4 Kf3 53. Kd4 Kf4 54. b4 Kf5 55. c5 Bc6 56. Kc4 a6 57. Kb3 Ke4 58. Kc4 Bd5+ 59. Kc3 Bxa2 60. Kb2 Bc4 61. Ka3 Bb5 0-1

[Event "Bundesturnier Hauptturnier 1 2024"]
[Site "Olten"]
[Date "2024.05.09"]
[Round "1.10"]
[White "Loeffler, Markus"]
[Black "Zecirovic, Giacomo"]
[Result "1-0"]
[ECO "B12"]
[WhiteElo "2238"]
[BlackElo "1927"]
[Annotator "RC"]
[PlyCount "75"]
[EventDate "2024.05.09"]
[EventType "tourn"]
[EventCountry "SUI"]
[SourceTitle "playchess.com"]
[Source "ChessBase"]
[SourceQuality "1"]
[TimeControl "5400+30"]

1. e4 c6 2. d4 d5 3. e5 Bf5 4. Nf3 e6 5. Be2 c5 6. Be3 cxd4 7. Nxd4 Ne7 8. c4 Nbc6 9. Nc3 dxc4 10. Ncb5 Nd5 11. O-O Bd3 12. Bxd3 cxd3 13. Rc1 a6 14. Nxc6 bxc6 15. Nd4 Nxe3 16. fxe3 Qd5 17. Rxc6 Bc5 18. Qf3 Qxf3 19. gxf3 Bxd4 20. exd4 Kd7 21. Rc3 Rab8 22. Rf2 Rb4 23. Rxd3 Rc8 24. Kg2 Rcc4 25. Rfd2 Rb5 26. Kf2 Kc6 27. Rc3 Rxc3 28. bxc3 Kd5 29. Ke3 Kc4 30. Ke4 Kxc3 31. Rd3+ Kc4 32. Ra3 a5 33. f4 Kb4 34. Rb3+ Kc4 35. Rxb5 Kxb5 36. d5 exd5+ 37. Kxd5 Kb4 38. f5 1-0

[Event "Bundesturnier Hauptturnier 1 2024"]
[Site "Olten"]
[Date "2024.05.09"]
[Round "1.11"]
[White "Wegener, Dirk"]
[Black "Gautier, Anand"]
[Result "0-1"]
[ECO "B23"]
[WhiteElo "2371"]
[BlackElo "2274"]
[Annotator "TA"]
[PlyCount "68"]
[EventDate "2024.05.09"]
[EventType "tourn"]
[EventCountry "SUI"]
[SourceTitle "playchess.com"]
[Source "ChessBase"]
[SourceQuality "1"]
[TimeControl "5400+30"]

1. e4 c5 2. Nc3 e6 3. f4 a6 4. Nf3 Nc6 5. d3 b5 6. g3 d5 7. e5 Bb7 8. Bg2 {[%emt 0:07:05] The position is equal.} Nh6 9. Qe2 Qc7 10. Nd1 Be7 11. Nf2 Nf5 12. c3 {[%emt 0:01:56] Dodges Ncd4} h5 13. Be3 O-O-O {[%emt 0:28:50] Black is more active.} (13... h4 $17 14. g4 Nxe3 15. Qxe3 d4) 14. O-O $15 Kb8 15. Rfc1 (15. d4 $11 {might be stronger.}) 15... f6 16. d4 c4 (16... h4 $15 17. g4 Nxe3 18. Qxe3 Bc8) 17. Bd2 $14 Bc8 18. a4 Na5 19. Re1 (19. axb5 $11 Nb3 20. bxa6) 19... Nb3 (19... b4 $5) 20. Ra2 Rde8 ({Black should play} 20... b4 $15) 21. axb5 axb5 22. Qd1 Qc6 {[%emt 0:01:30] [#]} 23. Nd3 Nxd2 $17 24. Nxd2 (24. Qxd2 $17 {might work better.} cxd3 25. Bf1) 24... cxd3 $19 25. Nb3 fxe5 26. fxe5 h4 27. Qxd3 (27. g4 $17 {was the crucial defense.} h3 28. Bf1) 27... hxg3 28. hxg3 Qc4 29. Qc2 (29. Qxc4 $142 bxc4 30. Nd2) 29... Bg5 {[%emt 0:01:04] Hoping for ...Be3+.} 30. Bf1 Ne3 31. Qg6 Qxb3 32. Rea1 Qc2 33. Ra8+ Kc7 34. Qxg7+ {[%emt 0:00:42] [#]} Be7 $1 {[%emt 0:00:10] Weighted Error Value: White=1.15/Black=0.48.  Loses game:     	White=1     	---        Mistake:       	White=5     	Black=3      Inaccurate:     	White=5     	Black=1      OK:         	White=3     	Black=7      Best:        	White=1     	Black=3} ({And not} 34... Kc6 35. Rxc8+ Rxc8 36. Ra6#) 0-1

[Event "Bundesturnier Hauptturnier 1 2024"]
[Site "Olten"]
[Date "2024.05.09"]
[Round "1.12"]
[White "Gantner, Matthias"]
[Black "Ernst, Rolf"]
[Result "1-0"]
[ECO "C06"]
[WhiteElo "2237"]
[BlackElo "1939"]
[Annotator "RC"]
[PlyCount "53"]
[EventDate "2024.05.09"]
[EventType "tourn"]
[EventCountry "SUI"]
[SourceTitle "playchess.com"]
[Source "ChessBase"]
[SourceQuality "1"]
[TimeControl "5400+30"]

1. e4 e6 2. d4 d5 3. Nd2 Nf6 4. e5 Nfd7 5. Bd3 c5 6. c3 Nc6 7. Ne2 Qb6 8. Nf3 Be7 9. O-O h6 10. a3 a5 11. b3 Qa7 12. Be3 b6 13. Bb5 Ncb8 14. c4 Bb7 15. cxd5 Bxd5 16. Nc3 Bc6 17. d5 exd5 18. Bxc6 Nxc6 19. Qxd5 Qb7 20. e6 Nf6 21. exf7+ Kf8 22. Qc4 g5 23. Rad1 Kg7 24. Rfe1 Nd8 25. Ne5 Nc6 26. Nxc6 Qxc6 27. Bxg5 1-0

[Event "Bundesturnier Hauptturnier 1 2024"]
[Site "Olten"]
[Date "2024.05.09"]
[Round "2.1"]
[White "Bauer, Christian"]
[Black "Retti, Ivan"]
[Result "1-0"]
[ECO "A46"]
[WhiteElo "2576"]
[BlackElo "2076"]
[Annotator "ChessBase"]
[PlyCount "113"]
[EventDate "2024.05.09"]
[EventType "tourn"]
[EventCountry "SUI"]
[SourceTitle "playchess.com"]
[Source "ChessBase"]
[SourceQuality "1"]
[TimeControl "5400+30"]

1. d4 Nf6 2. Nf3 b5 3. Bg5 Bb7 4. Nbd2 d5 5. e3 a6 6. a4 b4 7. c3 e6 8. Qb3 a5 9. Rc1 Nbd7 10. cxb4 Bxb4 11. Bb5 O-O 12. O-O Ba6 13. Bxa6 Rxa6 14. Qd3 Rb6 15. Nb3 Qb8 16. Bxf6 Nxf6 17. Ne5 Qb7 18. Rc2 Ra8 19. Rfc1 Bd6 20. Nc5 Bxc5 21. Rxc5 Ne8 22. Nc6 Rxb2 23. h3 Qb6 24. e4 Nf6 25. e5 Ne4 26. R5c2 g6 27. f3 Ng3 28. Kh2 Nf5 29. Qc3 Rb3 30. Qd2 h6 31. Rc3 Rb2 32. Qf4 g5 33. Qg4 Nh4 34. Rg1 Rf2 35. Kh1 Qb2 36. Ne7+ Kf8 37. Rxc7 Qb6 38. Rc8+ Rxc8 39. Nxc8 Qb2 40. Nd6 Ng6 41. Qh5 Kg7 42. Ne8+ Kf8 43. Nf6 Qxd4 44. Qxh6+ Ke7 45. Ng4 Ra2 46. Qxg5+ Kd7 47. Rc1 Ra1 48. Nf6+ Kd8 49. Nxd5+ Ke8 50. Nf6+ Kd8 51. Ng4+ Kd7 52. Kh2 Rxc1 53. Qxc1 Nxe5 54. Nf6+ Ke7 55. Ne4 f5 56. Qc5+ Qxc5 57. Nxc5 1-0

[Event "Bundesturnier Hauptturnier 1 2024"]
[Site "Olten"]
[Date "2024.05.09"]
[Round "2.2"]
[White "Stijve, Niels"]
[Black "Baenziger, Fabian"]
[Result "0-1"]
[ECO "B32"]
[WhiteElo "2139"]
[BlackElo "2415"]
[Annotator "ChessBase"]
[PlyCount "126"]
[EventDate "2024.05.09"]
[EventType "tourn"]
[EventCountry "SUI"]
[SourceTitle "playchess.com"]
[Source "ChessBase"]
[SourceQuality "1"]
[TimeControl "5400+30"]

1. e4 c5 2. Nf3 Nc6 3. d4 cxd4 4. Nxd4 e5 5. Nb5 d6 6. c4 Be6 7. N1c3 a6 8. Na3 Rc8 9. Nd5 Be7 10. Qb3 Rb8 11. Be3 Nf6 12. Bb6 Qd7 13. Nc7+ Kf8 14. Nxe6+ fxe6 15. Bd3 Bd8 16. Nc2 Bxb6 17. Qxb6 Qd8 18. Qxd8+ Rxd8 19. b4 Ke7 20. a3 Rhf8 21. Ne3 a5 22. bxa5 Nd7 23. f3 Nc5 24. Be2 Nd4 25. Kd1 Ra8 26. Nc2 Ndb3 27. Rb1 Rxa5 28. Re1 Nd4 29. Bf1 Nxc2 30. Kxc2 Rxa3 31. Ra1 Rfa8 32. Kb2 R3a6 33. Reb1 Kd7 34. Rxa6 bxa6 35. Ka3 Kc7 36. Be2 Rf8 37. Bd1 Rf6 38. Rb2 Rh6 39. g3 g5 40. Rf2 Rf6 41. Rg2 h6 42. h4 Rf7 43. hxg5 hxg5 44. Rh2 Kb6 45. Rb2+ Kc6 46. Rb8 Rb7 47. Rxb7 Kxb7 48. Kb4 Kb6 49. Be2 a5+ 50. Kc3 Nb7 51. Bd1 Nc5 52. Be2 Nd7 53. Bf1 Kc5 54. Bh3 Nb6 55. Bxe6 a4 56. Bf7 a3 57. Kb3 Nxc4 58. Bh5 Kd4 59. Bg4 Ke3 60. Be6 Nd2+ 61. Kxa3 Kxf3 62. Kb4 Kxg3 63. Bf5 Kf4 0-1

[Event "Bundesturnier Hauptturnier 1 2024"]
[Site "Olten"]
[Date "2024.05.09"]
[Round "2.3"]
[White "Joie, Sebastien"]
[Black "Gut, Lionel"]
[Result "0-1"]
[ECO "A16"]
[WhiteElo "2382"]
[BlackElo "2124"]
[Annotator "ChessBase"]
[PlyCount "132"]
[EventDate "2024.05.09"]
[EventType "tourn"]
[EventCountry "SUI"]
[SourceTitle "playchess.com"]
[Source "ChessBase"]
[SourceQuality "1"]
[TimeControl "5400+30"]

1. Nf3 Nf6 2. c4 g6 3. Nc3 d5 4. cxd5 Nxd5 5. h4 Bg7 6. e4 Nxc3 7. dxc3 Qxd1+ 8. Kxd1 Nd7 9. Bf4 e5 10. Bg5 f6 11. Be3 h5 12. Bc4 Bh6 13. Bxh6 Rxh6 14. Kc2 Nc5 15. Rhe1 Be6 16. Bxe6 Nxe6 17. Rad1 Rh7 18. g3 Rd8 19. b4 Rhd7 20. Rxd7 Rxd7 21. Re3 Ke7 22. Nd2 Rd8 23. Nb3 b6 24. a4 c5 25. bxc5 Nxc5 26. Nxc5 bxc5 27. Re1 Kd7 28. Rb1 Kc6 29. a5 Kc7 30. Rg1 g5 31. Rh1 g4 32. Rb1 Rd6 33. Rb5 Rc6 34. Kd2 a6 35. Rb1 c4 36. Rb4 Rc5 37. Rb6 Rxa5 38. Rxf6 Ra2+ 39. Kc1 a5 40. Rf5 Kd6 41. Rxh5 Rxf2 42. Rh6+ Ke7 43. Ra6 Rf3 44. Kb2 Rxg3 45. Rxa5 Kf6 46. Ra6+ Kf7 47. Ra7+ Kg6 48. Ra5 Kh5 49. Rxe5+ Kxh4 50. Rc5 Re3 51. Rxc4 g3 52. Rc8 g2 53. Rh8+ Kg3 54. Kb3 Kf2 55. Rh2 Kf1 56. Rxg2 Kxg2 57. Kc4 Kf3 58. Kd4 Rxe4+ 59. Kd5 Re8 60. c4 Rd8+ 61. Ke5 Rc8 62. Kd5 Kf4 63. c5 Kf5 64. Kd6 Kf6 65. c6 Rd8+ 66. Kc7 Ke7 0-1